 Dungeon Crawl Stone Soup version 0.17.1-3-g152610e (webtiles) character file.

102 kaze the Ruffian (level 4, 0/45 HPs)
             Began as a Troll Berserker on Mar 8, 2016.
             Was a Believer of Trog.
             Killed from afar by a starcursed mass (10 damage)
             ... with an accursed screaming
             ... on level 2 of the Abyss.
             The game lasted 00:03:47 (1030 turns).

kaze the Ruffian (Troll Berserker)                  Turns: 1030, Time: 00:03:48

Health: 0/45       AC:  5    Str: 26    XL:     4   Next: 49%
Magic:  3/3        EV: 10    Int:  3    God:    Trog [**....]
Gold:   85         SH:  0    Dex:  9    Spells: 0 memorised, 3 levels left

rFire  . . .     SeeInvis .       - Unarmed
rCold  . . .     Clarity  .     a - +0 animal skin
rNeg   . . .     SustAt   +     (no shield)
rPois  .         Gourm    +     (helmet restricted)
rElec  .         Spirit   .     (no cloak)
rCorr  .         Warding  .     (gloves unavailable)
rMut   .         Stasis   .     (boots unavailable)
MR     .....                    (no amulet)
Stlth  +.........               (no ring)
                                l - ring of sustain attributes

@: not resistant to hostile enchantments, very unstealthy
A: unfitting armour, claws 3, fast metabolism 3, gourmand, regeneration 2,
shaggy fur 1, tough skin 2
a: Berserk, Trog's Hand, Burn Spellbooks, Renounce Religion


You were on level 2 of the Abyss.
You worshipped Trog.
Trog was pleased with you.
You were very full.

You visited 1 branch of the dungeon, and saw 2 of its levels.
You visited the Abyss 1 time.

You collected 85 gold pieces.

Inventory:

Armour
 a - a +0 animal skin (worn)
Jewellery
 l - a ring of sustain attributes (left claw)
 r - an uncursed amulet of rage
Wands
 o - a wand of random effects (23)
Scrolls
 c - 2 scrolls of fog {unknown}
 f - a scroll of identify {unknown}
 g - 3 scrolls of amnesia {unknown}
 i - 2 scrolls of enchant weapon {unknown}
Potions
 d - a potion of ambrosia {unknown}
 e - 2 potions of flight {unknown}
 j - a potion of haste {unknown}
 k - a potion of brilliance {unknown}
 q - a potion of curing {unknown}
Comestibles
 b - 3 bread rations
 h - 5 fruits
 n - a meat ration


   Skills:
 + Level 3.0 Fighting
 + Level 3.2 Dodging
 + Level 0.1 Stealth
 + Level 4.0 Unarmed Combat


You had 3 spell levels left.
You didn't know any spells.

Dungeon Overview and Level Annotations

Branches:
Dungeon (2/15)

Altars:
Okawaru

Annotations:
D:2 Crazy Yiuf


Innate Abilities, Weirdness & Mutations

You are too large for most types of armour.
You have claws for hands.
Your metabolism is lightning-fast.
You like to eat raw meat.
You heal very quickly.
You are covered in fur (AC +1).
You have very tough skin (AC +2).


Message History

The ufetubus splashes around in the water.
The tentacled starspawn is engulfed in spectral mist.
A tentacle flies out from the starspawn's body!
The spectral human barely misses you.
The tentacled starspawn is engulfed in spectral mist.
The ufetubus barely misses you.
The ufetubus splashes around in the water.
The spectral human barely misses you.
A starcursed mass comes into view.
Why would you want to do that?
The ufetubus splashes around in the water.
The ufetubus hits you but does no damage.
The spectral spriggan barely misses you.
A starcursed mass splits.
A chorus of shrieks assaults your mind.
* * * LOW HITPOINT WARNING * * *
The spectral spriggan fades away!
The ufetubus splashes around in the water. x2
A chorus of shrieks assaults your mind.
You die...

... ###.# ... ..#.
≈≈≈≈ ... ≈≈X≈≈ ##..#
≈≈≈≈X##≈..
#≈≈≈≈.≈.###
#≈≈≈≈≈.#..#
#≈≈≈♣≈@≈..# #
#≈≈≈5.#..# #. #.
##.≈♣Z## . . .
#.#L♣Z≈♣ ≈# ... .
#.##.#..≈♣≈≈≈.# .
#...#. .#.
#X.≈≈≈≈≈.≈.# .##.
#..##....≈≈≈≈≈≈≈#.##
#..
#....#.§#♣≈≈≈♣≈#.##
.#w*..
..#§##.##.≈≈..≈≈


You could see 2 starcursed masses, a tentacled starspawn, a revenant, a spectral
emperor scorpion, a spectral human and an ufetubus.

Vanquished Creatures
  A small abomination (Abyss:2)
  Natasha (D:2)
  An ooze (D:1)
  A ball python (D:1)
  3 giant cockroaches
  5 hobgoblins
  A bat (D:1)
  5 giant newts (D:1)
  4 goblins (D:1)
  4 jackals (D:1)
  6 kobolds (D:1)
  5 rats
37 creatures vanquished.

Vanquished Creatures (others)
  5 starspawn tentacles (Abyss:2)
  10 starspawn tentacle segments (Abyss:2)
15 creatures vanquished.

Grand Total: 52 creatures vanquished

Notes
Turn   | Place    | Note
--------------------------------------------------------------
     0 | D:1      | kaze the Troll Berserker began the quest for the Orb.
     0 | D:1      | Reached XP level 1. HP: 22/22 MP: 0/0
   169 | D:1      | Reached XP level 2. HP: 26/29 MP: 1/1
   453 | D:1      | Reached ** piety under Trog
   508 | D:1      | Reached XP level 3. HP: 36/36 MP: 2/2
   680 | D:2      | Found an iron altar of Okawaru.
   717 | D:2      | Noticed Natasha
   725 | D:2      | Killed Natasha
   804 | D:2      | Noticed Crazy Yiuf
   807 | D:2      | Cast into the Abyss (Crazy Yiuf)
   816 | Abyss:1  | Noticed a bone dragon
   839 | Abyss:1  | Found a corrupted altar of Lugonu.
   848 | Abyss:1  | Noticed a ynoxinul
   942 | Abyss:2  | Reached skill level 4 in Unarmed Combat
   942 | Abyss:2  | Reached XP level 4. HP: 7/45 MP: 3/3
   946 | Abyss:2  | Noticed an Executioner
   990 | Abyss:2  | Noticed a tentacled starspawn
  1005 | Abyss:2  | Noticed a revenant
  1010 | Abyss:2  | Noticed a spectral seven-headed hydra
  1013 | Abyss:2  | Noticed a tentacled starspawn
  1015 | Abyss:2  | Noticed a spectral anaconda
  1016 | Abyss:2  | Noticed a spectral giant leech
  1025 | Abyss:2  | Noticed a spectral human
  1026 | Abyss:2  | Noticed a spectral spriggan
  1026 | Abyss:2  | Noticed a spectral emperor scorpion
  1029 | Abyss:2  | Noticed a starcursed mass
  1030 | Abyss:2  | Killed from afar by a starcursed mass

Action                   |  1- 3 |  4- 6 || total
-------------------------+-------+-------++-------
Melee: Unarmed           |    84 |       ||    84
  Eat: Chunk             |    13 |       ||    13
